[Event "42nd Olympiad Baku 2016 Open"]
[Site "Baku"]
[Date "2016.09.04"]
[Round "3.6"]
[White "Fidow, Kassim Hassan"]
[Black "Mfune, Petros"]
[Result "0-1"]
[ECO "E12"]
[WhiteElo "1567"]
[BlackElo "2032"]
[Annotator ""]
[PlyCount "130"]
[EventDate "2016.??.??"]
[EventCountry "AZE"]
[SourceTitle "playchess.com"]
[Source "ChessBase"]
[WhiteTeam "SOM"]
[BlackTeam "MAW"]
[WhiteTeamCountry "SOM"]
[TimeControl "40/5400+30:1800+30"]

1. Nf3 {(01:48)} d5 {(00:00)} 2. d4 {(00:32)} Nf6 {
(01:02)} 3. c4 {(00:11)} e6 {(00:23)} 4. a3 {(00:
15)} b6 {(01:50)} 5. Nc3 {(00:27)} Bb7 {(00:22)} 6. Bf4 {
(00:33)} Bd6 {(03:52)} 7. Bxd6 {(02:52)} cxd6 {(00:
19)} 8. e3 {(00:25)} Nbd7 {(00:23)} 9. Nb5 {(01:58)} Ne4 {
(08:24)} 10. Bd3 {(01:07)} Ndf6 {(02:55)} 11. Rc1 {
(00:44)} a6 {(01:44)} 12. Nc3 {(00:15)} Nxc3 {(01:
36)} 13. Rxc3 {(00:40)} O-O {(02:19)} 14. h4 {(01:58)} Re8
{(09:06)} 15. cxd5 {(18:58)} Bxd5 {(01:43)} 16. O-O {
(00:45)} h6 {(01:14)} 17. Re1 {(00:22)} Ne4 {(02:
23)} 18. Rc1 {(00:26)} b5 {(03:27)} 19. Qc2 {(03:29)} f5 {
(02:49)} 20. Qe2 {(04:39)} Ra7 {(05:36)} 21. Rc2 {(
01:48)} Qd7 {(01:45)} 22. Rec1 {(00:46)} Bb3 {(00:35)} 23.
Rc6 {(01:08)} Bd5 {(01:09)} 24. R6c2 {(01:08)} e5 {
(06:22)} 25. Bxe4 {(07:04)} fxe4 {(03:13)} 26. Nh2 {
(05:20)} exd4 {(01:28)} 27. exd4 {(00:32)} Qe7 {(
02:33)} 28. Rc8 {(06:56)} Rxc8 {(02:22)} 29. Rxc8+ {(01:
13)} Kh7 {(00:44)} 30. Qh5 {(02:19)} Bf7 {(05:16)} 31.
Qf5+ {(03:20)} Bg6 {(01:58)} 32. Qf4 Rc7 {(03:01)} 33.
Rxc7 {(05:06)} Qxc7 {(00:13)} 34. g4 {(00:12)} Kg8 {
(05:01)} 35. h5 {(03:50)} Bf7 {(04:01)} 36. Qxe4 {(
02:03)} Qc1+ {(03:09)} 37. Kg2 {(00:02)} Qxb2 {(05:05)}
38. Qa8+ {(08:35)} Kh7 {(00:31)} 39. Qe4+ {(00:03)} Kg8 {
(03:28)} 40. Qa8+ {(00:00)} Kh7 {(00:00)} 41. Qe4+ {
(00:26)} Kh8 {(06:15)} 42. Nf3 {(01:19)} Qxa3 {(11:
13)} 43. Nh4 {(03:38)} d5 {(02:17)} 44. Qf5 {(04:18)} Qe7
{(06:12)} 45. Qc8+ {(01:42)} Kh7 {(02:48)} 46. Qf5+ {
(00:07)} Kg8 {(00:39)} 47. Qc8+ {(00:03)} Be8 {(03:
25)} 48. Nf5 {(03:26)} Qd7 {(00:47)} 49. Qa8 {(02:47)} Kh7
{(01:13)} 50. Ne3 {(02:53)} Qc6 {(00:52)} 51. Qd8 {
(03:05)} Qd7 {(02:22)} 52. Qa8 {(00:59)} Qe6 {(00:
54)} 53. Kg3 {(00:40)} b4 {(01:03)} 54. Qb7 {(04:09)} a5 {
(01:06)} 55. Nf5 {(03:07)} Bd7 {(00:59)} 56. Qb8 {(
01:57)} Qe8 {(00:37)} 57. Qf4 {(01:57)} Qe4 {(00:20)} 58.
Qc7 {(07:08)} Bxf5 {(00:35)} 59. gxf5 {(00:01)} Qxf5 {
(00:41)} 60. Qxa5 {(00:04)} Qd3+ {(00:39)} 61. f3 {
(04:18)} b3 {(00:43)} 62. Qb4 {(00:38)} Qc2 {(00:
22)} 63. Qd6 {(01:41)} b2 {(00:27)} 64. Qxd5 {(00:02)}
b1=Q {(00:19)} 65. Kf4 Qh2+ 0-1

[Event "42nd Olympiad Baku 2016 Open"]
[Site "Baku"]
[Date "2016.09.04"]
[Round "3.34"]
[White "Flanagan, Mark"]
[Black "Gajadin, Dewperkash"]
[Result "1/2-1/2"]
[ECO "A46"]
[WhiteElo "1768"]
[BlackElo "2027"]
[Annotator ""]
[PlyCount "109"]
[EventDate "2016.??.??"]
[EventCountry "AZE"]
[SourceTitle "playchess.com"]
[Source "ChessBase"]
[WhiteTeam "Bermuda"]
[BlackTeam "Surinam"]
[WhiteTeamCountry "BER"]
[BlackTeamCountry "SUR"]
[TimeControl "40/5400+30:1800+30"]

1. d4 {(00:00)} Nf6 {(00:00)} 2. Nf3 {(00:00)} e6 {
(00:00)} 3. Bf4 {(00:00)} b6 {(00:51)} 4. e3 {(00:
00)} Bb7 {(01:43)} 5. Nbd2 {(00:05)} d5 {(02:41)} 6. Bd3 {
(00:54)} Bd6 {(04:14)} 7. Bg3 {(01:12)} c5 {(08:26]
} 8. c3 {(00:18)} Qc7 {(06:19)} 9. Bxd6 {(16:15)} Qxd6 {
(01:43)} 10. Ne5 {(01:24)} Nc6 {(15:08)} 11. f4 {(
08:59)} g6 {(06:06)} 12. g4 {(04:33)} Nd7 {(05:31)} 13. g5
{(18:52)} Qe7 {(12:20)} 14. Ndf3 {(05:05)} O-O-O {(
08:29)} 15. Qa4 {(03:17)} Ndxe5 {(04:21)} 16. Nxe5 {(12:
03)} Nxe5 {(00:44)} 17. dxe5 {(00:14)} Kb8 {(04:37)} 18.
Ba6 {(03:40)} d4 {(01:45)} 19. Bxb7 {(01:26)} Qxb7 {
(00:18)} 20. O-O-O {(05:03)} dxe3 {(03:24)} 21. Rxd8+ {
(00:38)} Rxd8 {(00:04)} 22. Rd1 {(00:16)} Rxd1+ {(
02:35)} 23. Qxd1 {(00:02)} Kc8 {(02:52)} 24. Qf1 {(07:34)}
Qe4 {(03:13)} 25. Qa6+ {(00:01)} Kb8 {(00:13)} 26. Qb5 {
(00:36)} Qh1+ {(01:30)} 27. Kc2 {(00:13)} Qg2+ {(
00:26)} 28. Kb1 {(05:47)} Qg1+ {(01:30)} 29. Kc2 {(00:12)}
Qg2+ {(00:18)} 30. Kb1 {(00:05)} Qd5 {(01:23)} 31. Qe2 {
(01:57)} Qe4+ {(00:41)} 32. Kc1 {(00:08)} Kb7 {(00:
19)} 33. Qd1 {(02:23)} Qc6 {(01:34)} 34. Qd3 {(01:42)}
Qh1+ {(00:25)} 35. Kc2 {(00:18)} Qxh2+ {(00:19)} 36. Kb3 {
(01:24)} Qd2 {(00:28)} 37. Qxd2 {(00:29)} exd2 {(
00:01)} 38. Kc2 {(00:08)} c4 {(00:56)} 39. Kxd2 {(01:11)}
Kc6 {(00:51)} 40. Ke3 {(00:00)} Kd5 {(00:00)} 41. Kf3 {
(10:58)} b5 {(07:07)} 42. Ke3 {(02:37)} a6 {(05:58]
} 43. Kf3 {(05:18)} Kc6 {(06:20)} 44. Ke4 {(02:33)} Kc5 {
(00:18)} 45. Ke3 {(02:20)} Kd5 {(01:45)} 46. Kf3 {(
00:26)} Kc6 {(02:49)} 47. Ke4 {(00:11)} Kc5 {(00:20)} 48.
Ke3 {(00:16)} a5 {(03:59)} 49. a3 {(00:38)} Kd5 {(
00:28)} 50. Kf3 {(00:17)} Kc6 {(00:35)} 51. Ke4 {(00:20)}
Kc5 {(00:40)} 52. Ke3 {(00:12)} Kd5 {(01:47)} 53. Kf3 {
(00:15)} Kc6 {(00:55)} 54. Ke4 {(00:11)} Kc5 {(01:
11)} 55. Ke3 {(00:16)} 1/2-1/2

[Event "42nd Olympiad Baku 2016 Open"]
[Site "Baku"]
[Date "2016.09.04"]
[Round "3.20"]
[White "Flores Guerrero, Jesus Ald"]
[Black "Monnaatsheko, Keletshabile"]
[Result "1-0"]
[ECO "A03"]
[WhiteElo "2345"]
[BlackElo "1988"]
[Annotator ""]
[PlyCount "111"]
[EventDate "2016.??.??"]
[EventCountry "AZE"]
[SourceTitle "playchess.com"]
[Source "ChessBase"]
[WhiteTeam "Mexico"]
[BlackTeam "Botswana"]
[WhiteTeamCountry "MEX"]
[BlackTeamCountry "BOT"]
[TimeControl "40/5400+30:1800+30"]

1. f4 {(00:00)} d5 {(00:00)} 2. b3 {(00:03)} Nf6 {(
00:10)} 3. Bb2 {(00:16)} g6 {(00:08)} 4. Nf3 {(00:07)} Bg7
{(00:08)} 5. e3 {(00:05)} O-O {(00:15)} 6. Be2 {(
00:42)} c5 {(00:11)} 7. O-O {(00:09)} Nc6 {(00:17)} 8. Bb5
{(01:43)} Nb8 {(04:23)} 9. Qc1 {(00:13)} a6 {(00:
14)} 10. Be2 {(00:06)} Nc6 {(00:11)} 11. Nc3 {(00:18)} d4
{(01:46)} 12. Nd1 {(00:14)} Nd5 {(03:25)} 13. g3 {(
06:22)} Bh3 {(06:05)} 14. Re1 {(00:18)} e5 {(09:40)} 15.
Nf2 {(01:24)} Bc8 {(02:15)} 16. fxe5 {(09:59)} dxe3 {
(19:13)} 17. dxe3 {(00:22)} Bh6 {(00:50)} 18. Bf1 {
(02:12)} Qe7 {(04:22)} 19. c4 {(06:49)} Nc7 {(01:
03)} 20. Ne4 {(02:48)} f5 {(01:37)} 21. Nf6+ {(00:26)} Kh8
{(16:19)} 22. Qc3 {(00:17)} Ne6 {(00:59)} 23. Nd5 {
(01:53)} Qf7 {(01:36)} 24. Nb6 {(00:16)} Rb8 {(00:
41)} 25. Rad1 {(00:09)} Qc7 {(02:27)} 26. Nd5 {(06:37)}
Qf7 {(00:22)} 27. a4 {(00:23)} Bd7 {(03:00)} 28. Nb6 {
(00:20)} Be8 {(01:26)} 29. Rd6 {(00:09)} Rd8 {(02:
34)} 30. Red1 {(00:24)} Qe7 {(05:00)} 31. Nd5 {(04:43)}
Qf7 {(00:57)} 32. Nf4 {(01:15)} Bd7 {(02:26)} 33. Qd2 {
(06:08)} Bc8 {(00:30)} 34. Ne1 {(08:20)} Bg7 {(08:
29)} 35. Ned3 {(01:37)} Ng5 {(02:31)} 36. Bg2 {(00:26)}
Ne4 {(00:28)} 37. Bxe4 {(00:34)} fxe4 {(00:09)} 38. Nxc5 {
(00:23)} g5 {(00:37)} 39. Rxd8 {(00:22)} Nxd8 {(01:
10)} 40. Qxd8 {(00:00)} gxf4 {(00:00)} 41. e6 {(06:21)}
Qe8 {(10:02)} 42. Bxg7+ {(01:12)} Kxg7 {(00:09)} 43. Qg5+
{(00:14)} Qg6 {(06:57)} 44. Qe7+ {(00:33)} Kg8 {(
00:09)} 45. Rd8 {(00:06)} Rxd8 {(00:05)} 46. Qxd8+ {(00:
20)} Kg7 {(00:07)} 47. Qxc8 {(00:54)} Qh5 {(05:18)} 48.
Qc7+ {(00:22)} Kg8 {(01:04)} 49. Qd8+ {(00:09)} Kg7 {
(00:27)} 50. Qe7+ {(00:11)} Kg8 {(00:28)} 51. Nxe4 {
(01:29)} Qd1+ {(01:54)} 52. Kg2 {(00:06)} Qe2+ {(
01:26)} 53. Nf2 {(00:10)} f3+ {(01:48)} 54. Kh3 {(00:08)}
h6 {(00:41)} 55. Ng4 {(00:52)} Qg2+ {(00:53)} 56. Kh4 {
(00:10)} 1-0

[Event "42nd Olympiad Baku 2016 Open"]
[Site "Baku"]
[Date "2016.09.04"]
[Round "3.6"]
[White "Frick, Renato"]
[Black "Pg, Md Omar Ak Hafizon"]
[Result "1-0"]
[ECO "C41"]
[WhiteElo "2000"]
[BlackElo "2168"]
[Annotator ""]
[PlyCount "71"]
[EventDate "2016.??.??"]
[EventCountry "AZE"]
[SourceTitle "playchess.com"]
[Source "ChessBase"]
[WhiteTeam "Liechtenstein"]
[BlackTeam "Brunei"]
[WhiteTeamCountry "LIE"]
[BlackTeamCountry "BRN"]
[TimeControl "40/5400+30:1800+30"]

1. e4 d6 {(00:00)} 2. d4 {(00:00)} Nf6 {(00:00)} 3. Nc3 {
(00:00)} e5 {(00:00)} 4. Nf3 {(05:04)} Nbd7 {(00:
04)} 5. Bc4 {(08:15)} Be7 {(00:12)} 6. O-O {(07:16)} O-O {
(00:25)} 7. h3 {(00:20)} a6 {(00:28)} 8. a4 {(01:
04)} b6 {(00:20)} 9. Qe2 {(11:42)} Bb7 {(01:56)} 10. dxe5
{(05:58)} Nxe5 {(01:45)} 11. Nxe5 {(01:03)} dxe5 {(
00:15)} 12. Rd1 {(00:50)} Qc8 {(02:12)} 13. Bg5 {(02:30)}
c6 {(11:47)} 14. Rd3 {(04:57)} b5 {(01:31)} 15. Ba2 {
(06:28)} b4 {(05:45)} 16. Nb1 {(03:33)} Qc7 {(22:
34)} 17. Nd2 {(04:00)} h6 {(00:49)} 18. Bxf6 {(05:46)}
Bxf6 {(00:14)} 19. Bc4 {(03:15)} Kh8 {(10:56)} 20. Rd1 {
(01:31)} Rad8 {(16:23)} 21. Nb3 {(03:28)} a5 {(06:
35)} 22. Rxd8 {(05:09)} Rxd8 {(00:43)} 23. Rxd8+ {(00:16)}
Bxd8 {(00:10)} 24. Qh5 {(01:37)} Kg8 {(00:52)} 25. Nxa5 {
(00:35)} Ba6 {(13:10)} 26. Bxa6 {(09:49)} Qxa5 {(
02:28)} 27. Bc4 {(01:51)} Qc7 {(00:40)} 28. a5 {(00:44)}
Qe7 {(00:21)} 29. a6 {(00:25)} Bb6 {(00:12)} 30. Qf5 {
(01:34)} Qc7 {(01:39)} 31. g3 {(01:46)} Ba7 {(00:
14)} 32. Kg2 {(00:15)} c5 {(00:12)} 33. Qh5 {(01:30)} Kh7
{(00:27)} 34. Bxf7 {(00:19)} Qc6 {(00:47)} 35. Qxe5 {
(00:46)} g6 {(00:52)} 36. Qe7 {(00:22)} 1-0

[Event "42nd Olympiad Baku 2016 Open"]
[Site "Baku"]
[Date "2016.09.04"]
[Round "3.27"]
[White "Gadimbayli, Abdulla"]
[Black "Asmar, Elie"]
[Result "1-0"]
[ECO "B27"]
[WhiteElo "2294"]
[BlackElo "2026"]
[Annotator ""]
[PlyCount "77"]
[EventDate "2016.??.??"]
[EventCountry "AZE"]
[SourceTitle "playchess.com"]
[Source "ChessBase"]
[WhiteTeam "Azerbaijan"]
[BlackTeam "Lebanon"]
[WhiteTeamCountry "AZE"]
[BlackTeamCountry "LBN"]
[TimeControl "40/5400+30:1800+30"]

1. e4 {(00:00)} c5 {(00:00)} 2. Nf3 {(00:00)} g6 {(
00:00)} 3. d4 {(00:01)} cxd4 {(00:00)} 4. Qxd4 {(00:05)}
Nf6 {(00:01)} 5. e5 {(00:31)} Nc6 {(00:14)} 6. Qa4 {
(00:29)} Nd5 {(00:03)} 7. Qe4 {(00:19)} Nb6 {(00:
12)} 8. Nc3 {(07:49)} Bg7 {(00:08)} 9. Bf4 {(10:00)} d5 {
(00:10)} 10. exd6 {(10:23)} Bf5 {(00:13)} 11. Qe3 {
(06:14)} O-O {(00:24)} 12. Bd3 {(20:20)} Bxc3+ {(
27:56)} 13. bxc3 {(00:05)} Nd5 {(00:10)} 14. Qd2 {(00:28)}
Nxf4 {(07:39)} 15. Qxf4 {(02:56)} Bxd3 {(00:54)} 16. cxd3
{(00:10)} Qxd6 {(00:36)} 17. Qxd6 {(06:06)} exd6 {(
00:09)} 18. Kd2 {(00:55)} f6 {(05:56)} 19. h4 {(04:24)}
Rfe8 {(01:48)} 20. Nh2 {(06:00)} Re6 {(06:58)} 21. Rae1 {
(01:51)} Rae8 {(00:44)} 22. Rxe6 {(02:23)} Rxe6 {(
00:04)} 23. Ng4 {(00:45)} d5 {(15:16)} 24. Rb1 {(04:09)}
b6 {(05:01)} 25. Rb5 {(02:01)} d4 {(02:11)} 26. cxd4 {
(01:54)} Nxd4 {(01:56)} 27. Rd5 {(01:00)} Nf5 {(04:
34)} 28. g3 {(04:33)} h5 {(00:40)} 29. Ne3 {(00:57)} Nxe3
{(00:52)} 30. fxe3 {(00:14)} Re5 {(01:17)} 31. Rxe5 {
(06:51)} fxe5 {(00:10)} 32. Kc3 {(00:02)} Kf7 {(01:
51)} 33. Kc4 {(00:06)} Ke6 {(03:34)} 34. Kb5 {(00:59)} Kf5
{(00:21)} 35. Kc6 {(00:29)} Ke6 {(13:42)} 36. d4 {(
00:50)} exd4 {(01:39)} 37. exd4 {(00:00)} b5 {(00:33)} 38.
d5+ {(00:07)} Ke7 {(00:19)} 39. Kc7 {(00:05)} 1-0

[Event "42nd Olympiad Baku 2016 Open"]
[Site "Baku"]
[Date "2016.09.04"]
[Round "3.14"]
[White "Gauci, Joseph"]
[Black "Rios, Cristhian Camilo"]
[Result "0-1"]
[ECO "A46"]
[WhiteElo "2151"]
[BlackElo "2489"]
[Annotator ""]
[PlyCount "77"]
[EventDate "2016.??.??"]
[EventCountry "AZE"]
[SourceTitle "playchess.com"]
[Source "ChessBase"]
[WhiteTeam "Malta"]
[BlackTeam "Colombia"]
[WhiteTeamCountry "MLT"]
[BlackTeamCountry "COL"]
[TimeControl "40/5400+30:1800+30"]

1. d4 {(00:00)} Nf6 {(00:00)} 2. Nf3 {(00:00)} e6 {
(00:08)} 3. g3 {(00:08)} b5 {(00:30)} 4. Bg2 {(00:
44)} d5 {(00:08)} 5. O-O {(01:32)} c5 {(01:18)} 6. c3 {
(03:18)} Nbd7 {(03:44)} 7. Bg5 {(03:32)} h6 {(03:
23)} 8. Bxf6 {(00:22)} Nxf6 {(00:10)} 9. Nbd2 {(01:01)}
Bb7 {(01:25)} 10. dxc5 {(13:08)} Bxc5 {(01:31)} 11. b4 {
(01:39)} Bb6 {(07:49)} 12. Nd4 {(04:25)} Qd7 {(01:
14)} 13. a4 {(01:19)} bxa4 {(03:17)} 14. Qxa4 {(02:44)}
Qxa4 {(11:59)} 15. Rxa4 {(00:09)} Rc8 {(00:10)} 16. Ra3 {
(09:50)} Ke7 {(07:29)} 17. e3 {(01:27)} Rb8 {(06:
44)} 18. c4 {(07:39)} dxc4 {(00:46)} 19. Nxc4 {(00:30)}
Nd5 {(03:15)} 20. Nxb6 {(03:11)} axb6 {(01:47)} 21. Rc1 {
(14:58)} Ra8 {(03:40)} 22. Rxa8 {(01:49)} Bxa8 {(
00:05)} 23. b5 {(08:29)} Kd6 {(04:01)} 24. e4 {(04:46)}
Ne7 {(01:13)} 25. f4 {(01:14)} Kd7 {(01:15)} 26. e5 {
(01:11)} Bxg2 {(00:06)} 27. Kxg2 {(00:06)} Ra8 {(
00:04)} 28. Kf3 {(02:17)} Ra3+ {(00:21)} 29. Ke2 {(01:36)}
Nd5 {(00:42)} 30. Kd2 {(02:15)} Nb4 {(00:58)} 31. Rc3 {
(00:59)} Ra2+ {(02:11)} 32. Nc2 {(00:20)} Nd5 {(00:
16)} 33. Ra3 {(00:28)} Rb2 {(00:07)} 34. Ra7+ {(00:45)}
Nc7 {(00:06)} 35. Kc3 {(03:47)} Rxb5 {(00:18)} 36. Nd4 {
(02:35)} Rc5+ {(00:43)} 37. Kb4 {(02:03)} Kc8 {(00:
20)} 38. Kb3 {(00:52)} Kb8 {(01:50)} 39. Ra1 0-1

[Event "42nd Olympiad Baku 2016 Open"]
[Site "Baku"]
[Date "2016.09.04"]
[Round "3.22"]
[White "Gebregziabher, Brehane Gebre Mic"]
[Black "Ashraf, Ahmed Ramadan"]
[Result "1-0"]
[ECO "E00"]
[WhiteElo "1933"]
[BlackElo "1952"]
[Annotator ""]
[PlyCount "121"]
[EventDate "2016.??.??"]
[EventCountry "AZE"]
[SourceTitle "playchess.com"]
[Source "ChessBase"]
[WhiteTeam "ETH"]
[BlackTeam "MDV"]
[WhiteTeamCountry "ETH"]
[BlackTeamCountry "EGY"]
[TimeControl "40/5400+30:1800+30"]

1. d4 {(00:08)} Nf6 {(00:00)} 2. c4 {(00:05)} e6 {(
00:00)} 3. Bg5 {(00:07)} Be7 {(00:00)} 4. Nc3 {(00:01)} d5
{(00:07)} 5. e3 {(00:09)} a6 {(00:15)} 6. Bxf6 {(
00:34)} Bxf6 {(00:17)} 7. Nf3 {(00:22)} dxc4 {(00:30)} 8.
Bxc4 {(00:12)} b5 {(00:07)} 9. Bd3 {(00:15)} Bb7 {(
00:11)} 10. O-O {(00:30)} Nd7 {(00:41)} 11. b4 {(00:18)}
O-O {(01:09)} 12. e4 {(03:36)} Nb6 {(12:08)} 13. Ne2 {
(01:54)} Rc8 {(04:24)} 14. Qc2 {(02:02)} g6 {(01:
54)} 15. Rfd1 {(00:27)} Qd7 {(03:35)} 16. Rac1 {(01:20)}
Rfd8 {(00:45)} 17. Qb3 {(09:32)} Bg7 {(05:41)} 18. Bc2 {
(01:51)} Qe7 {(03:21)} 19. h3 {(03:12)} Kh8 {(00:
47)} 20. a3 {(03:42)} Rd7 {(00:45)} 21. Ng3 {(03:30)} Rcd8
{(00:48)} 22. Qc3 {(01:29)} h6 {(11:46)} 23. Bb3 {(
03:24)} h5 {(00:26)} 24. Qe3 {(05:26)} Kh7 {(05:06)} 25.
Ng5+ {(06:38)} Kh8 {(00:08)} 26. Ne2 {(00:45)} Kg8 {
(04:08)} 27. f4 {(00:26)} Nc8 {(02:58)} 28. g4 {(
02:13)} hxg4 {(01:16)} 29. hxg4 {(00:02)} Bh6 {(00:26)}
30. Nf3 {(00:08)} Nd6 {(01:11)} 31. Ng3 {(00:09)} Bg7 {
(03:20)} 32. g5 {(04:28)} Nc8 {(02:36)} 33. Rd2 {(
03:14)} Nb6 {(05:51)} 34. Kf2 {(04:08)} Nc8 {(02:40)} 35.
Ne5 {(00:38)} Bxe5 {(05:05)} 36. fxe5 {(02:26)} Kg7 {
(04:18)} 37. Rh1 {(00:23)} Nb6 {(03:06)} 38. Ne2 {(
01:26)} Rh8 {(01:36)} 39. Rxh8 {(02:02)} Kxh8 {(00:02)}
40. Qh3+ {(00:00)} Kg8 {(00:00)} 41. Qh4 {(00:36)} Qf8 {
(02:04)} 42. Rd1 {(01:07)} Qg7 {(02:23)} 43. Rh1 {(
00:05)} Nc8 {(00:45)} 44. Ke3 {(00:15)} Ne7 {(00:57)} 45.
Rh3 {(02:46)} Nc6 {(02:38)} 46. Rh2 {(02:04)} a5 {(
00:31)} 47. Qh3 {(02:09)} axb4 {(00:18)} 48. axb4 {(00:04]
} Nxb4 {(02:13)} 49. Nf4 {(00:11)} Re7 {(03:55)} 50. Qh4 {
(03:09)} Nc6 {(15:22)} 51. Qh3 {(04:50)} Nb8 {(01:
07)} 52. Nd3 {(00:27)} Nd7 {(00:45)} 53. Qg3 {(00:37)} Re8
{(00:28)} 54. Nf2 {(00:03)} c5 {(01:40)} 55. dxc5 {
(00:52)} Nxe5 {(00:58)} 56. Rh1 {(08:41)} Nd7 {(01:
09)} 57. Qc7 {(00:23)} Qc3+ {(00:28)} 58. Nd3 {(00:05)}
Nxc5 {(03:37)} 59. Qxc5 {(00:42)} Qxb3 {(00:05)} 60. Qe5 {
(00:25)} Kf8 {(04:47)} 61. Qf6 {(00:16)} 1-0

[Event "42nd Olympiad Baku 2016 Open"]
[Site "Baku"]
[Date "2016.09.04"]
[Round "3.21"]
[White "Gemy, Jose Daniel"]
[Black "Baburin, Alexander"]
[Result "1/2-1/2"]
[ECO "D36"]
[WhiteElo "2384"]
[BlackElo "2487"]
[Annotator ""]
[PlyCount "84"]
[EventDate "2016.??.??"]
[EventCountry "AZE"]
[SourceTitle "playchess.com"]
[Source "ChessBase"]
[WhiteTeam "Bolivia"]
[BlackTeam "Ireland"]
[WhiteTeamCountry "BOL"]
[BlackTeamCountry "IRL"]
[TimeControl "40/5400+30:1800+30"]

1. d4 {(00:00)} d5 {(00:00)} 2. c4 {(00:36)} e6 {(
00:41)} 3. Nc3 {(00:06)} Nf6 {(00:10)} 4. cxd5 {(03:17)}
exd5 {(01:29)} 5. Bg5 {(00:20)} c6 {(00:12)} 6. Qc2 {
(00:43)} Be7 {(01:04)} 7. Nf3 {(04:51)} g6 {(00:52]
} 8. e3 {(01:58)} Bf5 {(00:25)} 9. Bd3 {(01:47)} Bxd3 {
(00:46)} 10. Qxd3 {(00:02)} Nbd7 {(00:26)} 11. O-O {
(00:33)} O-O {(00:23)} 12. h3 {(24:13)} Re8 {(01:
52)} 13. Qc2 {(01:05)} Ne4 {(08:58)} 14. Bxe7 {(02:01)}
Qxe7 {(02:25)} 15. a3 {(05:59)} Nd6 {(08:13)} 16. Na4 {
(06:39)} h5 {(15:48)} 17. Nc5 {(06:40)} Nxc5 {(00:
35)} 18. Qxc5 {(07:14)} f6 {(05:22)} 19. Qc2 {(03:51)} Kg7
{(03:23)} 20. Nh4 {(05:32)} Qf7 {(05:53)} 21. g3 {(
02:00)} Re4 {(06:21)} 22. Ng2 {(00:42)} g5 {(02:11)} 23.
Rae1 {(03:30)} Rae8 {(03:36)} 24. f3 {(05:44)} R4e7 {
(03:35)} 25. b3 {(01:26)} Qe6 {(05:38)} 26. g4 {(
00:52)} hxg4 {(03:19)} 27. hxg4 {(00:38)} Rh8 {(01:31)}
28. Kf2 {(02:13)} Ree8 {(01:47)} 29. Rh1 {(00:13)} f5 {
(02:51)} 30. gxf5 {(01:48)} Nxf5 {(00:20)} 31. Qb1 {
(03:18)} Qf6 {(09:38)} 32. Rxh8 {(01:28)} Rxh8 {(
00:05)} 33. Rh1 {(00:06)} Rxh1 {(03:38)} 34. Qxh1 {(00:01]
} Qd6 {(00:08)} 35. Qh3 {(00:31)} Kg6 {(00:07)} 36. b4 {
(01:15)} a5 {(00:27)} 37. Qg4 {(00:41)} axb4 {(02:
15)} 38. Nf4+ {(04:27)} Kf6 {(00:07)} 39. Nh5+ {(00:30)}
Kg6 {(00:19)} 40. Nf4+ {(00:00)} Kf6 {(00:00)} 41. Nh5+ {
(04:03)} Kg6 {(00:33)} 42. Nf4+ {(02:32)} Kf6 1/2-1/2

[Event "42nd Olympiad Baku 2016 Open"]
[Site "Baku"]
[Date "2016.09.04"]
[Round "3.33"]
[White "Giasi, Viresh"]
[Black "Gontcharov, Serguei"]
[Result "1-0"]
[ECO "A16"]
[WhiteElo "1979"]
[BlackElo "1793"]
[Annotator ""]
[PlyCount "69"]
[EventDate "2016.??.??"]
[EventCountry "AZE"]
[SourceTitle "playchess.com"]
[Source "ChessBase"]
[WhiteTeam "Surinam"]
[BlackTeam "Bermuda"]
[WhiteTeamCountry "SUR"]
[BlackTeamCountry "BER"]
[TimeControl "40/5400+30:1800+30"]

1. c4 {(00:00)} Nf6 {(00:00)} 2. Nc3 {(00:00)} c5 {
(01:41)} 3. Nf3 {(01:06)} e6 {(04:14)} 4. e4 {(02:
36)} d6 {(04:51)} 5. d4 {(00:32)} cxd4 {(01:06)} 6. Nxd4 {
(01:47)} Be7 {(07:50)} 7. Be2 {(01:28)} O-O {(01:
01)} 8. O-O {(02:19)} Nc6 {(08:10)} 9. Be3 {(04:21)} Nxd4
{(09:12)} 10. Qxd4 {(00:59)} Bd7 {(03:48)} 11. Rfd1 {
(00:48)} Bc6 {(00:42)} 12. f3 {(00:28)} b6 {(07:47]
} 13. a4 {(04:53)} d5 {(05:52)} 14. e5 {(01:15)} Bc5 {
(03:10)} 15. Qd2 {(00:35)} Nd7 {(05:39)} 16. cxd5 {
(09:16)} exd5 {(00:19)} 17. Nxd5 {(03:08)} Nxe5 {(
08:23)} 18. Bxc5 {(00:11)} bxc5 {(00:12)} 19. Qc3 {(11:04]
} Nd7 {(12:12)} 20. Nb4 {(14:44)} cxb4 {(01:53)} 21. Qxc6
{(00:04)} Qb6+ {(00:14)} 22. Qxb6 {(00:11)} Nxb6 {(
00:05)} 23. a5 {(00:26)} Nc8 {(00:44)} 24. Rd7 {(00:28)}
g6 {(03:31)} 25. Bc4 {(00:24)} a6 {(00:33)} 26. Ra4 {
(05:21)} Ra7 {(04:43)} 27. Rxa7 {(01:12)} Nxa7 {(
00:05)} 28. Bxa6 {(01:44)} Rb8 {(01:00)} 29. b3 {(00:40)}
Kf8 {(00:16)} 30. Bc4 {(00:34)} Ke7 {(00:22)} 31. Kf2 {
(00:02)} f6 {(01:06)} 32. Ra2 {(00:08)} h5 {(03:13]
} 33. Re2+ {(00:16)} Kf8 {(00:29)} 34. Re6 {(00:10)} Rd8 {
(02:01)} 35. Rxf6+ {(00:13)} 1-0

[Event "42nd Olympiad Baku 2016 Open"]
[Site "Baku"]
[Date "2016.09.04"]
[Round "3.3"]
[White "Gibson, Franklyn"]
[Black "Latela, Kananelo"]
[Result "0-1"]
[ECO "D43"]
[WhiteElo "1987"]
[BlackElo "1736"]
[Annotator ""]
[PlyCount "94"]
[EventDate "2016.??.??"]
[EventCountry "AZE"]
[SourceTitle "playchess.com"]
[Source "ChessBase"]
[WhiteTeam "Bahamas"]
[BlackTeam "Lesotho"]
[WhiteTeamCountry "BAH"]
[BlackTeamCountry "LES"]
[TimeControl "40/5400+30:1800+30"]

1. d4 {(00:00)} d5 {(01:22)} 2. c4 {(00:06)} c6 {(
02:35)} 3. Nc3 {(01:54)} Nf6 {(02:05)} 4. Nf3 {(01:22)} e6
{(05:44)} 5. Bg5 {(05:50)} h6 {(03:16)} 6. Bxf6 {(
02:09)} Qxf6 {(00:34)} 7. e3 {(00:09)} g6 {(04:05)} 8. Bd3
{(03:36)} Bg7 {(00:47)} 9. O-O {(01:07)} Nd7 {(01:
40)} 10. Re1 {(01:30)} O-O {(02:31)} 11. e4 {(03:17)} dxc4
{(08:12)} 12. Bxc4 {(01:01)} e5 {(04:07)} 13. d5 {(
00:43)} Nb6 {(00:55)} 14. Bb3 {(00:27)} Bg4 {(01:25)} 15.
h3 {(01:47)} Bd7 {(01:54)} 16. Rc1 {(05:54)} Rad8 {
(00:52)} 17. Qe2 {(05:02)} h5 {(01:34)} 18. Qe3 {(
01:36)} Nc8 {(04:37)} 19. Rc2 {(08:01)} Nd6 {(01:47)} 20.
h4 {(07:41)} a6 {(01:06)} 21. a4 {(03:03)} Bg4 {(
01:28)} 22. Ng5 {(01:05)} Bh6 {(00:55)} 23. f3 {(00:03)}
Bc8 {(01:00)} 24. a5 {(03:41)} Qe7 {(01:00)} 25. dxc6 {
(02:28)} bxc6 {(02:39)} 26. Na4 {(03:27)} Nb5 {(01:
28)} 27. Qc5 {(02:40)} Bxg5 {(00:28)} 28. hxg5 {(00:02)}
Qxg5 {(00:59)} 29. Qe3 {(04:58)} Qxe3+ {(01:58)} 30. Rxe3
{(00:02)} Rd1+ {(01:03)} 31. Kh2 {(00:50)} Ra1 {(
00:47)} 32. Nc5 {(03:49)} Nd4 {(01:08)} 33. Rcc3 {(00:43)}
Rxa5 {(00:48)} 34. Bd1 {(01:10)} Ra1 {(02:27)} 35. Be2 {
(01:08)} Rb1 {(01:14)} 36. Bxa6 {(04:19)} Bxa6 {(
00:34)} 37. Nxa6 {(00:02)} Rxb2 {(00:19)} 38. Rc4 {(04:19]
} Ra8 {(00:51)} 39. Nb4 {(01:50)} Ra4 {(00:29)} 40. Nd3 {
(00:00)} Rxg2+ {(00:00)} 41. Kxg2 {(00:16)} Rxc4 {(
01:39)} 42. Nxe5 {(00:02)} Rc2+ {(01:10)} 43. Kh3 {(02:18]
} Kg7 {(00:50)} 44. Rd3 {(00:55)} Ne6 {(01:02)} 45. Rd7 {
(01:12)} Kf6 {(01:01)} 46. Nxf7 {(00:32)} g5 {(00:
35)} 47. Nd8 {(03:35)} Nf4+ {(00:11)} 0-1